 Dungeon Crawl Stone Soup version 0.31-a0-702-gf82c85558f (webtiles) character file.

Game seed: 12124175838983710585

44018 qw the Marksgargoyle (level 14, -3/92 HPs)
             Began as a Gargoyle Hunter on Sept 8, 2023.
             Was a High Priest of Okawaru.
             Slain by a wyvern (13 damage)
             ... on level 5 of the Lair of Beasts.
             The game lasted 00:07:37 (14285 turns).

qw the Marksgargoyle (Gargoyle Hunter)             Turns: 14285, Time: 00:07:38

Health: -3/92      AC: 31    Str: 15    XL:     14   Next: 26%
Magic:  19/21      EV: 21    Int: 11    God:    Okawaru [*****.]
Gold:   827        SH:  0    Dex: 17    Spells: 13/13 levels left

rFire   . . .        t - +1 longbow (heavy)
rCold   . . .        (shield currently unavailable)
rNeg    + . .        l - +1 ring mail of Day {Will+ SInv}
rPois   inf          d - +1 helmet
rElec   +            m - +0 cloak
rCorr   .            s - +1 pair of gloves
SInv    +            n - +0 pair of boots
Will    ++...        (no amulet)
Stlth   +++          f - +5 ring of evasion
HPRegen 0.35/turn    k - +4 ring of protection
MPRegen 0.17/turn

%: no passive effects
@: about to teleport, heroic, finesse-ful, flying, mesmerised
A: sickness immunity, AC +10, big wings, negative energy resistance 1,
electricity resistance, torment resistance 1, petrification resistance
a: Renounce Religion, Heroism, Finesse, Duel


You were on level 5 of the Lair of Beasts.
You worshipped Okawaru.
Okawaru was extremely pleased with you.
You visited 2 branches of the dungeon, and saw 13 of its levels.
You also visited: Sewer.

You collected 908 gold pieces.
You spent 81 gold pieces at shops.


Innate Abilities, Weirdness & Mutations

You are immune to sickness and miasma.
Your stone body is resilient. (AC +10)
You are immune to poison.
Your large and strong wings let you fly.
You resist negative energy. (rN+)
You are resistant to electric shocks. (rElec)
You are resistant to unholy torment.
You are immune to petrification.


   Skills:
 - Level 12.0(17.0) Fighting
 + Level 18.0(23.0) Ranged Weapons
 - Level 8.1(13.1) Armour
 - Level 5.0(10.0) Dodging
 - Level 1.1(6.1) Stealth
 - Level 10.0 Invocations


You had 13 spell levels left.
You didn't know any spells.
Your spell library was empty.

Inventory:

Hand Weapons
 t - a +1 heavy longbow (weapon)
Armour
 a - +0 steam dragon scales
 d - a +1 helmet (worn)
 l - the +1 ring mail of Day (worn) {Will+ SInv}
   (You found it on level 4 of the Dungeon)

   Will+:     It increases your willpower.
   SInv:      It lets you see invisible.
 m - a +0 cloak (worn)
 n - a +0 pair of boots (worn)
 s - a +1 pair of gloves (worn)
Jewellery
 e - the amulet "Cusug" {Spirit Harm Dex+3}
   (You acquired it on level 5 of the Dungeon)

   [amulet of guardian spirit]

   Spirit:    It causes incoming damage to be divided between your reserves of
   health and magic.
   Dex+3:     It affects your dexterity (+3).
   Harm:      It increases damage dealt and taken.
 f - a +5 ring of evasion (left hand)
 k - a +4 ring of protection (right hand)
Wands
 r - a wand of digging (4)
Scrolls
 c - 16 scrolls of identify
Potions
 b - a potion of haste
 g - 2 potions of heal wounds
 h - a potion of enlightenment
 i - a potion of curing
 j - 3 potions of mutation
 o - a potion of magic
 p - 2 potions of might

Dungeon Overview and Level Annotations

Branches:
Dungeon (8/15)             Temple (0/1) D:7            Lair (5/5) D:8
 Shoals (0/4) Lair:3        Snake (0/4) Lair:2        Slime (0/5) Lair:4
  Sewer (visited)

Altars:
Elyvilon
Fedhas
Kikubaaqudgha
Makhleb
Nemelex Xobeh
Okawaru
Xom
Zin
The Shining One
Jiyva

Shops:
D:5 :   D:6 (   D:7 :   D:8 :[


Message History

You kill the wolf!
Okawaru accepts your kill.
Your surroundings seem slightly different.
A komodo dragon and 4 hell rats come into view.
Found an opal ring.
The hell rat roars deafeningly! x2
The steam dragon breathes steam at you.
The ball of steam hits you but does no damage.
The snapping turtle bites you but does no damage.
The blink frog blinks!
The komodo dragon barely misses you.
The hell rat moves out of view. x2
You hear a bleat!
Your base Ranged Weapons skill increases to level 18!
A boulder beetle comes into view.
You shoot an arrow. The arrow hits the komodo dragon!!
The komodo dragon is severely wounded.
You are engulfed in a cloud of scalding steam.
The hell rat misses you.
The merfolk avatar chants its luring song.
The snapping turtle bites you but does no damage.
You shoot an arrow. The arrow hits the blink frog!!!
You kill the blink frog!
Okawaru accepts your kill.
You are engulfed in a cloud of scalding steam.
The komodo dragon closely misses you.
The hell rat bites you but does no damage.
The water moccasin barely misses you.
The merfolk avatar chants its luring song.
14285 ||| READING scroll of teleportation.
As you read the scroll of teleportation, it crumbles to dust.
You feel strangely unstable.
You are engulfed in a cloud of scalding steam.
The wyvern misses you.
The polar bear bites the fungus!
The fungus begins to die.
The polar bear completely misses the fungus.
The polar bear claws the fungus.
The water moccasin barely misses you. The komodo dragon closely misses you.
The hell rat misses you. x2
The snapping turtle bites you from afar.
The wyvern bites you!
You die... ##..## ..# ...
P#.. # ....P.. #.
FSl...

. #r B#l.# ..#
#r#t¤###..#.
#.mrr..=...#
###ltl@¤.....#
##[%#HlS(.....#
#.h%rDhy#..#.##
#h#<.FY.P#^...
.....$..Yh........P.
...........¤..#.....
....P#.......###
.... .............#
#..# #P##.....##...#


You could see a merfolk avatar (mesmerising), a boulder beetle, 2 snapping
turtles, a manticore, a polar bear, 3 komodo dragons, a cane toad, a blink frog,
a hornet, a steam dragon, 2 water moccasins, 2 wyverns, 2 wolves, 2 dream sheep
and 5 hell rats.

Vanquished Creatures
  Nessos (Lair:3)
  3 hydras
  Harold (Lair:2)
  A catoblepas (Lair:4)
  A two-headed ogre (D:8)
  A death yak (Lair:4)
  Urug (Lair:1)
  Amaemon (Lair:2)
  2 skysharks
  3 sea snakes (Lair:5)
  7 black mambas
  25 elephants
  A guardian serpent (Lair:2)
  A merfolk siren (Lair:3)
  11 cane toads
  An orange demon (Lair:2)
  Jeremiah (D:8)
  Psyche (D:8)
  6 rime drakes
  11 komodo dragons
  A polar bear (Lair:5)
  Grinder (D:3)
  3 blink frogs
  2 basilisks
  5 wyverns
  35 yaks
  A hog (Lair:3)
  3 humans (Lair:3)
  2 steam dragons
  16 water moccasins
  An orc warrior (D:8)
  3 sky beasts (D:7)
  2 black bears
  4 ice beasts
  7 wolves
  An ogre (D:5)
  2 centaurs (D:6)
  An elf zombie (D:5)
  2 phantoms
  A kobold brigand (D:7)
  12 bullfrogs
  2 elf skeletons (D:5)
  3 scorpions
  17 wights
  8 killer bees
  2 gnoll boudas
  2 hounds (D:7)
  4 orc priests
  2 human zombies (D:5)
  3 jellies
  A sleepcap (D:6)
  Jessica (D:2)
  Terence (D:2)
  2 human skeletons (D:5)
  3 iguanas
  4 orc wizards
  Robin (D:2)
  15 gnolls
  11 adders
  3 river rats (Sewer)
  4 white imps
  3 ufetubi
  A worm (Sewer)
  3 dart slugs
  13 orcs
  7 endoplasms
  6 hobgoblins
  9 jackals
  7 kobolds
  9 quokkas
  7 ball pythons
  9 bats
  7 frilled lizards
  13 goblins
  3 orc skeletons (D:5)
  An orc zombie (D:5)
  8 rats
380 creatures vanquished.

Vanquished Creatures (others)
  Kirke (Lair:3)
  A death yak (Lair:4)
2 creatures vanquished.

Grand Total: 382 creatures vanquished

Notes
Turn   | Place    | Note
-------+----------+-------------------------------------------
     0 | D:1      | qw the Gargoyle Hunter began the quest for the Orb.
     0 | D:1      | Reached XP level 1. HP: 12/12 MP: 1/1
     0 | D:1      | 0 ||| qw: Version: 0.3-a-76-g4403597
     0 | D:1      | 0 ||| qw: Game counter: 1096
     0 | D:1      | 0 ||| qw: Melee chars always use a shield: true
     0 | D:1      | 0 ||| qw: God list: Okawaru
     0 | D:1      | 0 ||| qw: Allow faded altars: false
     0 | D:1      | 0 ||| qw: Do Orc after clearing Dungeon:15 true
     0 | D:1      | 0 ||| qw: Do second Lair branch before Depths: true
     0 | D:1      | 0 ||| qw: Lair rune preference: random
     0 | D:1      | 0 ||| qw: Goals: Normal
     0 | D:1      | 0 ||| PLANNING D:1-11
    38 | D:1      | Reached XP level 2. HP: 14/17 MP: 2/2
   109 | D:1      | 109 ||| UPGRADING to +0 helmet.
   114 | D:1      | 114 ||| DROPPING scroll of butterflies.
   212 | D:1      | HP: 4/17 [endoplasm (2)]
   323 | D:1      | Reached XP level 3. HP: 21/21 MP: 3/3
   370 | D:1      | Reached skill level 5 in Ranged Weapons
   785 | D:1      | 785 ||| UPGRADING to +0 ring mail.
   795 | D:1      | 795 ||| DROPPING +0 leather armour.
   796 | D:1      | 796 ||| READING scroll labelled ESAGREISHRI.
   855 | D:2      | Reached skill level 1 in Armour
  1080 | D:2      | Reached skill level 3 in Fighting
  1080 | D:2      | Reached XP level 4. HP: 22/28 MP: 4/4
  1181 | D:2      | Noticed Robin
  1191 | D:2      | Killed Robin
  1203 | D:2      | Reached XP level 5. HP: 16/32 MP: 5/5
  1438 | D:2      | Noticed Jessica
  1439 | D:2      | Killed Jessica
  1525 | D:2      | Noticed Terence
  1538 | D:2      | Killed Terence
  1539 | D:2      | Reached skill level 6 in Ranged Weapons
  1997 | D:2      | 1997 ||| DROPPING ring of wizardry.
  1998 | D:2      | 1998 ||| READING scroll labelled OTULAN CUDGHUO.
  1999 | D:2      | 1999 ||| READING scroll labelled TUALARGHAINT.
  2000 | D:2      | 2000 ||| DRINKING 2 coppery potions.
  2001 | D:2      | 2001 ||| DRINKING 2 silvery potions.
  2002 | D:2      | 2002 ||| DROPPING potion of brilliance.
  2030 | D:3      | 2030 ||| PLANNING SEWER
  2070 | D:3      | 2070 ||| READING scroll of enchant weapon.
  2070 | D:3      | 2070 ||| ENCHANTING +1 shortbow.
  2139 | D:3      | HP: 7/33 [orc priest/+0 flail (8)]
  2144 | D:3      | Reached XP level 6. HP: 6/38 MP: 6/6
  2153 | D:3      | HP: 7/38 [adder (2)]
  2159 | D:3      | HP: 5/38 [adder (3)]
  2364 | D:3      | Found a glowing drain.
  2365 | D:3      | 2365 ||| UPGRADING to +5 ring of evasion.
  2366 | D:3      | 2366 ||| READING scroll labelled ZINWUTZEXILU.
  2387 | Sewer    | Entered a sewer
  2408 | Sewer    | 2408 ||| Stepping ~*~*~tactically~*~*~ (water).
  2475 | Sewer    | 2475 ||| Stepping ~*~*~tactically~*~*~ (water).
  2519 | Sewer    | 2519 ||| Stepping ~*~*~tactically~*~*~ (water).
  2535 | Sewer    | 2535 ||| READING scroll labelled IKONKU RUAN BAGI.
  2677 | Sewer    | Reached skill level 7 in Ranged Weapons
  2709 | Sewer    | 2709 ||| READING scroll labelled YSHOVU TILE.
  2710 | Sewer    | 2710 ||| READING 2 scrolls labelled MAOCSU EDITI.
  2711 | Sewer    | 2711 ||| READING scroll of enchant armour.
  2711 | Sewer    | 2711 ||| ENCHANTING +0 helmet.
  2712 | Sewer    | 2712 ||| READING 5 scrolls of identify.
  2712 | Sewer    | 2712 ||| IDENTIFYING viscous orange potion
  2713 | Sewer    | 2713 ||| READING 4 scrolls of identify.
  2713 | Sewer    | 2713 ||| IDENTIFYING pink potion
  2714 | Sewer    | 2714 ||| READING 3 scrolls of identify.
  2714 | Sewer    | 2714 ||| IDENTIFYING emerald potion
  2734 | D:3      | 2734 ||| PLANNING D:1-11
  2802 | D:3      | Found a burning altar of Makhleb.
  2802 | D:3      | Found a faded altar of an unknown god.
  2810 | D:3      | Found a faded altar of an unknown god.
  2815 | D:3      | Found a shimmering altar of Xom.
  2817 | D:3      | Found a glowing silver altar of Zin.
  2873 | D:3      | Noticed Grinder
  2890 | D:3      | Killed Grinder
  2891 | D:3      | Reached skill level 8 in Ranged Weapons
  2891 | D:3      | Reached XP level 7. HP: 37/43 MP: 7/7
  3495 | D:4      | Found a blossoming altar of Fedhas.
  3849 | D:4      | Identified the +1 ring mail of Day {Will+ SInv}
  3890 | D:4      | Found a white marble altar of Elyvilon.
  3970 | D:4      | Reached skill level 3 in Armour
  3970 | D:4      | Reached XP level 8. HP: 50/50 MP: 8/8
  4118 | D:4      | 4118 ||| UPGRADING to +1 ring mail of Day {Will+ SInv}.
  4128 | D:4      | 4128 ||| DROPPING +0 ring mail.
  4129 | D:4      | 4129 ||| UPGRADING to +0 cloak.
  4134 | D:4      | 4134 ||| UPGRADING to +4 ring of protection.
  4135 | D:4      | 4135 ||| READING scroll labelled YLOAVU GUQOXZA.
  4151 | D:5      | Entered Level 5 of the Dungeon
  4152 | D:5      | 4152 ||| PLANNING OSSUARY
  4416 | D:5      | Found an iron altar of Okawaru.
  4666 | D:5      | Found Jamixt's Self-Improvement Boutique.
  4892 | D:5      | 4892 ||| RIP OSSUARY
  4929 | D:5      | 4929 ||| PLANNING OKAWARU WORSHIP
  4929 | D:5      | 4929 ||| UPGRADING to +0 pair of boots.
  4934 | D:5      | 4934 ||| READING scroll labelled WOPOOLIYTH.
  4934 | D:5      | Identified a scroll of acquirement
  4934 | D:5      | 4934 ||| ACQUIRING amulet "Cusug" {Spirit Harm Dex+3}
  4934 | D:5      | Acquired the amulet "Cusug" {Spirit Harm Dex+3}
  4936 | D:5      | 4936 ||| READING scroll labelled DUNTEL PORENT.
  4937 | D:5      | 4937 ||| READING 10 scrolls of identify.
  4937 | D:5      | 4937 ||| IDENTIFYING murky purple potion
  4938 | D:5      | 4938 ||| READING 9 scrolls of identify.
  4938 | D:5      | 4938 ||| IDENTIFYING clear potion
  4939 | D:5      | 4939 ||| DROPPING potion of lignification.
  4974 | D:5      | Became a worshipper of Warmaster Okawaru
  4975 | D:5      | 4975 ||| PLANNING D:1-11
  5034 | D:5      | Reached skill level 9 in Ranged Weapons
  5073 | D:5      | Reached skill level 6 in Fighting
  5271 | D:6      | Reached * piety under Okawaru
  5301 | D:6      | Found Difenexu's Antique Weapon Shoppe.
  5311 | D:6      | 5311 ||| BUYING glowing sling (81 gold).
  5311 | D:6      | Bought a glowing sling for 81 gold pieces
  5311 | D:6      | 5311 ||| DROPPING +2 sling of freezing.
  5347 | D:6      | 5347 ||| INVOKING Heroism.
  5380 | D:6      | Reached XP level 9. HP: 41/55 MP: 9/9
  5459 | D:6      | Reached skill level 10 in Ranged Weapons
  5532 | D:6      | Found a sparkling altar of Nemelex Xobeh.
  5534 | D:6      | 5534 ||| SWAPPING to +2 heavy shortbow.
  5535 | D:6      | 5535 ||| DROPPING +2 shortbow.
  5555 | D:6      | Reached skill level 1 in Invocations
  5721 | D:6      | 5721 ||| RETREATING.
  5724 | D:6      | 5724 ||| Stepping ~*~*~tactically~*~*~ (retreating).
  5731 | D:6      | 5731 ||| INVOKING Heroism.
  5736 | D:6      | Reached skill level 3 in Invocations
  5947 | D:6      | 5947 ||| INVOKING Heroism.
  6085 | D:6      | 6085 ||| DROPPING amulet of magic regeneration.
  6086 | D:6      | 6086 ||| DROPPING ring of willpower.
  6087 | D:6      | 6087 ||| READING scroll labelled EKOWIU ADAITO.
  6088 | D:6      | 6088 ||| READING 8 scrolls of identify.
  6088 | D:6      | 6088 ||| IDENTIFYING amethyst potion
  6089 | D:6      | 6089 ||| DROPPING potion of berserk rage.
  6120 | D:7      | 6120 ||| STAIRDANCE
  6128 | D:7      | 6128 ||| STAIRDANCE
  6180 | D:7      | 6180 ||| STAIRDANCE
  6185 | D:6      | Reached skill level 11 in Ranged Weapons
  6208 | D:7      | Reached ** piety under Okawaru
  6213 | D:7      | Reached skill level 3 in Dodging
  6267 | D:7      | Found a staircase to the Ecumenical Temple.
  6270 | D:7      | 6270 ||| INVOKING Heroism.
  6531 | D:7      | 6531 ||| INVOKING Heroism.
  6534 | D:7      | 6534 ||| Stepping ~*~*~tactically~*~*~ (cloud).
  6544 | D:7      | Reached XP level 10. HP: 63/63 MP: 11/13
  6648 | D:7      | Found Cariwao's Book Boutique.
  6773 | D:7      | Found an ancient bone altar of Kikubaaqudgha.
  7018 | D:7      | Found a glowing golden altar of the Shining One.
  7194 | D:7      | 7194 ||| INVOKING Heroism.
  7338 | D:7      | 7338 ||| READING scroll labelled GAXTADEOLA.
  7380 | D:7      | 7380 ||| DRINKING 2 fuming pink potions.
  7381 | D:7      | 7381 ||| READING 9 scrolls of identify.
  7381 | D:7      | 7381 ||| IDENTIFYING grey potion
  7382 | D:7      | 7382 ||| DROPPING potion of attraction.
  7406 | D:8      | Noticed a two-headed ogre
  7407 | D:8      | 7407 ||| INVOKING Heroism.
  7416 | D:8      | 7416 ||| Stepping ~*~*~tactically~*~*~ (retreating).
  7417 | D:8      | 7417 ||| INVOKING Heroism.
  7418 | D:8      | Killed a two-headed ogre
  7419 | D:8      | Reached skill level 12 in Ranged Weapons
  7448 | D:8      | 7448 ||| FLEEEEING.
  7449 | D:8      | 7449 ||| FLEEEEING.
  7458 | D:8      | 7458 ||| STAIRDANCE
  7562 | D:8      | Found Cikil's Armour Shop.
  7572 | D:8      | 7572 ||| INVOKING Heroism.
  7575 | D:8      | 7575 ||| Stepping ~*~*~tactically~*~*~ (cloud).
  7578 | D:8      | Noticed Psyche
  7579 | D:8      | 7579 ||| Stepping ~*~*~tactically~*~*~ (retreating).
  7586 | D:8      | 7586 ||| Stepping ~*~*~tactically~*~*~ (retreating).
  7587 | D:8      | 7587 ||| Stepping ~*~*~tactically~*~*~ (retreating).
  7593 | D:8      | 7593 ||| INVOKING Heroism.
  7594 | D:8      | Killed Psyche
  7644 | D:8      | 7644 ||| INVOKING Heroism.
  7661 | D:8      | 7661 ||| INVOKING Heroism.
  7768 | D:8      | Noticed Jeremiah
  7769 | D:8      | Reached skill level 13 in Ranged Weapons
  7773 | D:8      | 7773 ||| Stepping ~*~*~tactically~*~*~ (retreating).
  7775 | D:8      | 7775 ||| Stepping ~*~*~tactically~*~*~ (retreating).
  7789 | D:8      | 7789 ||| INVOKING Heroism.
  7795 | D:8      | 7795 ||| UPGRADING to +0 pair of gloves.
  7804 | D:8      | 7804 ||| INVOKING Heroism.
  7815 | D:8      | HP: 16/64 [Jeremiah/divine providence (15)]
  7816 | D:8      | 7816 ||| READING scroll of teleportation.
  7818 | D:8      | Killed Jeremiah
  7992 | D:8      | Found a staircase to the Lair.
  7993 | D:8      | 7993 ||| INVOKING Heroism.
  8011 | D:8      | 8011 ||| READING scroll of enchant armour.
  8011 | D:8      | 8011 ||| ENCHANTING +0 pair of gloves.
  8052 | D:8      | Found Roseth's Book Boutique.
  8148 | D:8      | 8148 ||| RETREATING.
  8154 | D:8      | 8154 ||| RETREATING.
  8159 | D:8      | 8159 ||| STAIRDANCE
  8194 | D:8      | Reached skill level 9 in Fighting
  8194 | D:8      | Reached XP level 11. HP: 71/71 MP: 14/14
  8196 | D:8      | 8196 ||| STAIRDANCE
  8337 | D:8      | 8337 ||| PLANNING LAIR
  8347 | Lair:1   | Entered Level 1 of the Lair of Beasts
  8348 | Lair:1   | 8348 ||| STAIRDANCE
  8363 | Lair:1   | Reached *** piety under Okawaru
  8389 | Lair:1   | 8389 ||| INVOKING Heroism.
  8577 | Lair:1   | 8577 ||| INVOKING Heroism.
  8710 | Lair:1   | 8710 ||| INVOKING Heroism.
  8771 | Lair:1   | Noticed Urug
  8772 | Lair:1   | 8772 ||| INVOKING Heroism.
  8784 | Lair:1   | Killed Urug
  8785 | Lair:1   | Reached skill level 14 in Ranged Weapons
  8984 | Lair:1   | 8984 ||| INVOKING Heroism.
  9330 | Lair:2   | Noticed Harold
  9331 | Lair:2   | 9331 ||| INVOKING Heroism.
  9335 | Lair:2   | 9335 ||| RETREATING.
  9336 | Lair:2   | 9336 ||| Stepping ~*~*~tactically~*~*~ (retreating).
  9337 | Lair:2   | 9337 ||| Stepping ~*~*~tactically~*~*~ (retreating).
  9338 | Lair:2   | 9338 ||| Stepping ~*~*~tactically~*~*~ (retreating).
  9339 | Lair:2   | 9339 ||| Stepping ~*~*~tactically~*~*~ (retreating).
  9340 | Lair:2   | 9340 ||| Stepping ~*~*~tactically~*~*~ (retreating).
  9341 | Lair:2   | 9341 ||| Stepping ~*~*~tactically~*~*~ (retreating).
  9353 | Lair:2   | Reached skill level 6 in Armour
  9356 | Lair:2   | Killed Harold
  9358 | Lair:2   | 9358 ||| INVOKING Heroism.
  9367 | Lair:2   | Reached **** piety under Okawaru
  9548 | Lair:2   | 9548 ||| RETREATING.
  9549 | Lair:2   | 9549 ||| INVOKING Heroism.
  9566 | Lair:2   | 9566 ||| Stepping ~*~*~tactically~*~*~ (retreating).
  9567 | Lair:2   | 9567 ||| Stepping ~*~*~tactically~*~*~ (retreating).
  9568 | Lair:2   | 9568 ||| Stepping ~*~*~tactically~*~*~ (retreating).
  9569 | Lair:2   | 9569 ||| Stepping ~*~*~tactically~*~*~ (retreating).
  9570 | Lair:2   | 9570 ||| Stepping ~*~*~tactically~*~*~ (retreating).
  9571 | Lair:2   | 9571 ||| Stepping ~*~*~tactically~*~*~ (retreating).
  9572 | Lair:2   | 9572 ||| Stepping ~*~*~tactically~*~*~ (retreating).
  9591 | Lair:2   | 9591 ||| INVOKING Heroism.
  9712 | Lair:2   | 9712 ||| INVOKING Heroism.
  9718 | Lair:2   | 9718 ||| Stepping ~*~*~tactically~*~*~ (retreating).
  9719 | Lair:2   | 9719 ||| Stepping ~*~*~tactically~*~*~ (retreating).
  9722 | Lair:2   | 9722 ||| Stepping ~*~*~tactically~*~*~ (retreating).
  9723 | Lair:2   | 9723 ||| Stepping ~*~*~tactically~*~*~ (retreating).
  9724 | Lair:2   | 9724 ||| Stepping ~*~*~tactically~*~*~ (retreating).
  9725 | Lair:2   | 9725 ||| Stepping ~*~*~tactically~*~*~ (retreating).
  9726 | Lair:2   | 9726 ||| Stepping ~*~*~tactically~*~*~ (retreating).
  9727 | Lair:2   | 9727 ||| Stepping ~*~*~tactically~*~*~ (retreating).
  9728 | Lair:2   | 9728 ||| Stepping ~*~*~tactically~*~*~ (retreating).
  9734 | Lair:2   | Reached XP level 12. HP: 62/79 MP: 14/16
  9735 | Lair:2   | 9735 ||| INVOKING Heroism.
  9908 | Lair:2   | Reached skill level 6 in Invocations
  9923 | Lair:2   | Noticed a skyshark
  9924 | Lair:2   | 9924 ||| RETREATING.
  9939 | Lair:2   | Killed a skyshark
  9988 | Lair:2   | Noticed Amaemon
  9989 | Lair:2   | 9989 ||| RETREATING.
  9994 | Lair:2   | 9994 ||| INVOKING Heroism.
 10002 | Lair:2   | 10002 ||| Stepping ~*~*~tactically~*~*~ (retreating).
 10003 | Lair:2   | 10003 ||| DRINKING 2 potions of curing.
 10003 | Lair:2   | 10003 ||| (to cure confusion)
 10006 | Lair:2   | 10006 ||| DRINKING potion of curing.
 10006 | Lair:2   | 10006 ||| (to cure confusion)
 10008 | Lair:2   | 10008 ||| INVOKING Heroism.
 10010 | Lair:2   | Killed Amaemon
 10233 | Lair:2   | 10233 ||| RETREATING.
 10243 | Lair:2   | 10243 ||| Stepping ~*~*~tactically~*~*~ (retreating).
 10244 | Lair:2   | 10244 ||| Stepping ~*~*~tactically~*~*~ (retreating).
 10245 | Lair:2   | 10245 ||| Stepping ~*~*~tactically~*~*~ (retreating).
 10247 | Lair:2   | 10247 ||| Stepping ~*~*~tactically~*~*~ (retreating).
 10254 | Lair:2   | 10254 ||| Stepping ~*~*~tactically~*~*~ (retreating).
 10426 | Lair:2   | Found a staircase to the Snake Pit.
 10437 | Lair:2   | 10437 ||| INVOKING Heroism.
 10538 | Lair:2   | 10538 ||| Stepping ~*~*~tactically~*~*~ (retreating).
 10539 | Lair:2   | 10539 ||| Stepping ~*~*~tactically~*~*~ (retreating).
 10540 | Lair:2   | 10540 ||| Stepping ~*~*~tactically~*~*~ (retreating).
 10788 | Lair:2   | 10788 ||| READING scroll labelled OLIDDE DUUZI.
 10897 | Lair:3   | 10897 ||| INVOKING Heroism.
 10989 | Lair:3   | Noticed a five-headed hydra
 10990 | Lair:3   | 10990 ||| INVOKING Heroism.
 10999 | Lair:3   | Killed a five-headed hydra
 11090 | Lair:3   | 11090 ||| RETREATING.
 11103 | Lair:3   | 11103 ||| Stepping ~*~*~tactically~*~*~ (retreating).
 11104 | Lair:3   | 11104 ||| Stepping ~*~*~tactically~*~*~ (retreating).
 11184 | Lair:3   | 11184 ||| INVOKING Heroism.
 11187 | Lair:3   | 11187 ||| RETREATING.
 11189 | Lair:3   | Reached skill level 9 in Invocations
 11199 | Lair:3   | Reached ***** piety under Okawaru
 11200 | Lair:3   | Reached skill level 12 in Fighting
 11305 | Lair:3   | Noticed Kirke
 11306 | Lair:3   | 11306 ||| FLEEEEING.
 11309 | Lair:3   | 11309 ||| FLEEEEING.
 11348 | Lair:3   | 11348 ||| INVOKING Heroism.
 11351 | Lair:3   | 11351 ||| RETREATING.
 11358 | Lair:3   | 11358 ||| Stepping ~*~*~tactically~*~*~ (retreating).
 11363 | Lair:3   | 11363 ||| Stepping ~*~*~tactically~*~*~ (retreating).
 11380 | Lair:3   | 11380 ||| INVOKING Heroism.
 11380 | Lair:3   | HP: 20/81 [something (16)]
 11381 | Lair:3   | 11381 ||| DRINKING 4 potions of heal wounds.
 11381 | Lair:3   | Killed Kirke
 11382 | Lair:3   | Reached XP level 13. HP: 34/86 MP: 17/20
 11688 | Lair:3   | Noticed Nessos
 11695 | Lair:3   | 11695 ||| INVOKING Heroism.
 11701 | Lair:3   | Killed Nessos
 11883 | Lair:3   | 11883 ||| SWAPPING to +1 longbow of flaming.
 11884 | Lair:3   | 11884 ||| DROPPING +2 heavy shortbow.
 11922 | Lair:3   | Identified the +7 demon trident of Agony {spect, rF+}
 11936 | Lair:3   | 11936 ||| RETREATING.
 12021 | Lair:3   | 12021 ||| RETREATING.
 12029 | Lair:3   | 12029 ||| Stepping ~*~*~tactically~*~*~ (retreating).
 12031 | Lair:3   | 12031 ||| Stepping ~*~*~tactically~*~*~ (retreating).
 12032 | Lair:3   | 12032 ||| Stepping ~*~*~tactically~*~*~ (retreating).
 12040 | Lair:3   | 12040 ||| INVOKING Heroism.
 12491 | Lair:3   | Found a staircase to the Shoals.
 12736 | Lair:4   | 12736 ||| RETREATING.
 12739 | Lair:4   | 12739 ||| Stepping ~*~*~tactically~*~*~ (retreating).
 12740 | Lair:4   | 12740 ||| Stepping ~*~*~tactically~*~*~ (retreating).
 12750 | Lair:4   | 12750 ||| INVOKING Heroism.
 12754 | Lair:4   | Reached skill level 15 in Ranged Weapons
 12974 | Lair:4   | 12974 ||| INVOKING Heroism.
 13120 | Lair:4   | 13120 ||| INVOKING Heroism.
 13217 | Lair:4   | 13217 ||| INVOKING Heroism.
 13218 | Lair:4   | 13218 ||| INVOKING Finesse.
 13256 | Lair:4   | Reached skill level 16 in Ranged Weapons
 13419 | Lair:4   | 13419 ||| INVOKING Heroism.
 13507 | Lair:4   | Found a viscous altar of Jiyva.
 13507 | Lair:4   | Found a staircase to the Slime Pits.
 13578 | Lair:4   | 13578 ||| RETREATING.
 13585 | Lair:4   | 13585 ||| Stepping ~*~*~tactically~*~*~ (retreating).
 13586 | Lair:4   | 13586 ||| Stepping ~*~*~tactically~*~*~ (retreating).
 13587 | Lair:4   | 13587 ||| Stepping ~*~*~tactically~*~*~ (retreating).
 13588 | Lair:4   | 13588 ||| Stepping ~*~*~tactically~*~*~ (retreating).
 13590 | Lair:4   | 13590 ||| Stepping ~*~*~tactically~*~*~ (retreating).
 13607 | Lair:4   | 13607 ||| INVOKING Heroism.
 13765 | Lair:4   | Identified the +9 great sword of the Everdark {antimagic,
                  | rF+ rCorr Str+5 Stlth-}
 13805 | Lair:4   | 13805 ||| RETREATING.
 13807 | Lair:4   | 13807 ||| Stepping ~*~*~tactically~*~*~ (retreating).
 13808 | Lair:4   | 13808 ||| Stepping ~*~*~tactically~*~*~ (retreating).
 13809 | Lair:4   | 13809 ||| Stepping ~*~*~tactically~*~*~ (retreating).
 13810 | Lair:4   | 13810 ||| Stepping ~*~*~tactically~*~*~ (retreating).
 14146 | Lair:4   | 14146 ||| READING scroll of brand weapon.
 14146 | Lair:4   | 14146 ||| BRANDING +1 longbow of flaming.
 14206 | Lair:5   | Entered Level 5 of the Lair of Beasts
 14207 | Lair:5   | 14207 ||| INVOKING Heroism.
 14211 | Lair:5   | 14211 ||| RETREATING.
 14224 | Lair:5   | Reached skill level 17 in Ranged Weapons
 14224 | Lair:5   | 14224 ||| INVOKING Finesse.
 14234 | Lair:5   | Identified the +0 robe of the Heron {rF+ rC- Int+2
                  | Archmagi} (Okawaru gifted it to you on level 5 of the Lair
                  | of Beasts)
 14234 | Lair:5   | Received a gift from Okawaru
 14235 | Lair:5   | Gained mutation: Your large and strong wings let you fly.
                  | [Gargoyle growth]
 14235 | Lair:5   | Reached XP level 14. HP: 57/92 MP: 16/21
 14240 | Lair:5   | 14240 ||| INVOKING Heroism.
 14275 | Lair:5   | HP: 19/92 [wyvern (7)]
 14276 | Lair:5   | 14276 ||| READING 2 scrolls of teleportation.
 14276 | Lair:5   | HP: 5/92 [cane toad (14)]
 14277 | Lair:5   | 14277 ||| DRINKING 3 potions of heal wounds.
 14283 | Lair:5   | Reached skill level 18 in Ranged Weapons
 14284 | Lair:5   | HP: 22/92 [steam dragon] (3)]
 14285 | Lair:5   | 14285 ||| READING scroll of teleportation.
 14285 | Lair:5   | HP: 10/92 [snapping turtle (5)]
 14285 | Lair:5   | Slain by a wyvern

Levels and vault maps discovered:
D:1:      matt_arrival_grand_opening, layout_loops_ring, serial_glass,
          glass_columns_c, glass_columns_a
D:2:      layout_loops_corners, minmay_goblin_kobold_house, uniq_terence,
          uniq_robin, uniq_jessica
D:3:      minmay_spotlight, layout_basic, chequers_temple_overflow_minitemple,
          portal_sewer_entry_a, hex_large, uniq_grinder
D:4:      layout_loops_ring, nicolae_elyvilon_temple_path, fedhas_altar_3,
          nicolae_grassy_gnolls
D:5:      layout_basic, mainiacjoe_overflow_concentric_impassable,
          nicolae_ossuary_entry_catacombs, nicolae_shop_self_help
D:6:      layout_rooms, overflow_temple_1_default, serial_shops,
          nicolae_shop_stone
D:7:      layout_layer_cave, marbit_many_paths,
          nicolae_kikubaaqudgha_miasma_corner, minmay_temple_entry_glassed_door,
          serial_shops, nicolae_shop_just_a_little_nook, minmay_joined_circles
D:8:      layout_rooms, grunt_lair_entry_orc_guard_hut, serial_shops, shop,
          nicolae_stop_n_shop_2, nicolae_twisty_statue_hallways, uniq_jeremiah,
          uniq_psyche
Lair:1:   layout_gridlike, uniq_urug
Lair:2:   layout_hall_layers, minmay_snake_entry_spellcaster, uniq_harold,
          uniq_amaemon
Lair:3:   layout_cave_pods, minmay_shoals_entry_lonely_mermaid, st_stairs_6,
          dreamdust_gnoll_shepherd, uniq_nessos, uniq_kirke
Lair:4:   beast_lair_carwin_large_2, layout_regular_city, slime_entry_1,
          grunt_megastairs_3
Lair:5:   gammafunk_lair_ancient_temple, layout_loops_ring,
          gammafunk_ghost_cemetery, serial_bayou_lagoon_b

Skill      XL: |  1  2  3  4  5  6  7  8  9 10 11 12 13 14 |
---------------+-------------------------------------------+-----
Ranged Weapons | 5 6 8 9 11 13 14 17 18 | 18.0
Armour         | 1 3 4 5 6 7 8 |  8.1
Fighting       | 3 4 5 6 7 9 10 12 | 12.0
Dodging        | 2 3 4 5 |  5.0
Invocations    | 4 5 9 10 | 10.0
Stealth        | |  1.1

Action                     |  1- 3 |  4- 6 |  7- 9 | 10-12 | 13-15 || total
---------------------------+-------+-------+-------+-------+-------++-------
  Melee: Unarmed           |       |       |       |    12 |       ||    12
   Fire: Shortbow          |   124 |   294 |   417 |   593 |    27 ||  1455
         Longbow           |       |       |       |       |   348 ||   348
 Invoke: Heroism           |       |       |     5 |    29 |    10 ||    44
         Finesse           |       |       |       |       |     2 ||     2
    Use: Scroll            |     1 |    11 |     7 |     5 |     3 ||    27
         Potion            |       |     2 |       |     4 |     1 ||     7
 Armour: Leather armour    |    37 |       |       |       |       ||    37
         Ring mail         |    18 |   114 |   148 |   269 |   254 ||   803
         Skin              |       |       |       |     7 |       ||     7
  Dodge: Dodged            |    68 |   122 |   258 |   406 |   441 ||  1295

Table legend:
 A = Non-vault XP
 B = Vault XP
 C = Vault XP percentage of total XP
 D = Non-vault monster count
 E = Vault monster count
 F = Vault count percentage of total count
                 A         B        C        D         E       F
            +---------+---------+-------+---------+---------+-------
      Total |   42789 |   20094 |  32.0 |     274 |     105 |  27.7
            +---------+---------+-------+---------+---------+-------
        D:1 |      53 |       0 |   0.0 |      30 |       0 |   0.0
        D:2 |     102 |     105 |  50.7 |      20 |      12 |  37.5
        D:3 |     181 |     285 |  61.2 |      23 |       9 |  28.1
        D:4 |     373 |      43 |  10.3 |       8 |       3 |  27.3
        D:5 |     360 |     437 |  54.8 |       6 |      11 |  64.7
        D:6 |    2007 |       0 |   0.0 |      38 |       0 |   0.0
        D:7 |    1519 |     702 |  31.6 |      17 |      10 |  37.0
        D:8 |    2509 |    1328 |  34.6 |      17 |       6 |  26.1
     Lair:1 |    3049 |     794 |  20.7 |      15 |       1 |   6.2
     Lair:2 |    8972 |    2522 |  21.9 |      34 |       4 |  10.5
     Lair:3 |    7738 |    4502 |  36.8 |      25 |      10 |  28.6
     Lair:4 |   10015 |    4274 |  29.9 |      27 |      10 |  27.0
     Lair:5 |    5911 |    4974 |  45.7 |      14 |      10 |  41.7
      Sewer |       0 |     128 | 100.0 |       0 |      19 | 100.0
            +---------+---------+-------+---------+---------+-------
